Map: Nightscape LE

Players

MattBarry

  • Race: Zerg Zerg
  • Spawn Location: 1:00

MattBarry

  • Race: Zerg Zerg
  • Spawn Location: 1:00

Slackjawe - Winner!

  • Race: Protoss Protoss
  • League: Gold
  • Spawn Location: 7:00

sausey - Winner!

  • Race: Terran Terran
  • League: Master
  • Spawn Location: 7:00

VOD

Have the link to the VOD?

Description

Time

  • Played on: Jan. 2, 2023, 11:48 p.m.
  • Length: 3:41
Show
View Real Time Build Order
Export as new Build Order

MattBarry Zerg 

Build Orders: Pool Only 

Get SALT Encoding   

  12  0:18  Spawning Pool  
  11  0:21  Drone  
  12  0:31  Drone x2  
  14  0:40  Overlord  
  14  1:05  Zergling x6  
  17  1:28  Zergling x4  
  19  1:43  Zergling x2  
  20  2:04  Zergling x4  
  21  2:32  Zergling x2  
  21  2:33  Zergling x2  
  21  2:46  Zergling x2  
  21  3:04  Zergling x4  
  13  3:13  Zergling x2  
  11  3:20  Zergling x2  
Show
View Real Time Build Order
Export as new Build Order

MattBarry Zerg 

Build Orders: Pool First 

Get SALT Encoding   

  12  0:18  Spawning Pool  
  11  1:06  Zergling x6  
  14  1:25  Extractor  
  13  1:26  Zergling x2  
  15  1:53  Hatchery  
  14  2:40  Zergling x2  
Show
View Real Time Build Order
Export as new Build Order

Slackjawe Protoss - Winner!

Build Orders:  

Get SALT Encoding   

  12  0:00  Probe  
  13  0:15  Pylon  
  13  0:16  Probe (Chrono Boost)  
  15  0:28  Probe (Chrono Boost)  
  15  0:34  Probe (Chrono Boost)  
  16  0:40  Gateway  
  16  0:43  Probe  
  16  0:49  Assimilator  
  17  0:55  Probe  
  18  0:59  Assimilator  
  18  1:07  Probe (Chrono Boost)  
  19  1:12  Pylon  
  19  1:16  Probe (Chrono Boost)  
  20  1:21  Probe (Chrono Boost)  
  21  1:32  Cybernetics Core  
  21  1:33  Probe  
  22  1:45  Probe  
  23  1:49  Gateway  
  23  2:07  Zealot (Chrono Boost)  
  15  2:53  Stalker  
  15  2:54  Stalker  
  15  3:12  Probe (Chrono Boost)  
  8  3:22  Probe (Chrono Boost)  
  8  3:26  Probe (Chrono Boost)  
Show
View Real Time Build Order
Export as new Build Order

sausey Terran - Winner!

Build Orders:  

Get SALT Encoding   

  12  0:00  SCV  
  13  0:12  SCV  
  14  0:24  Supply Depot, SCV  
  15  0:48  Barracks  
  15  0:49  SCV  
  16  0:52  Refinery  
  16  0:54  Refinery  
  16  1:01  SCV  
  17  1:14  SCV  
  18  1:26  SCV  
  19  1:34  Reaper  
  19  1:35  Supply Depot  
  19  1:39  Orbital Command  
  20  1:46  Factory  
  20  2:13  Reaper  
  20  2:31  Hellion  
  22  2:49  Supply Depot  
  21  3:06  Supply Depot  
  21  3:09  Supply Depot  
  21  3:11  Hellion  
  23  3:27  SCV  
Tags
 
Add a new tag
Caveats
  • Supply blocks, unpowered buildings, or Contaminate may cause inaccurate times.
  • Supply counts are checked every 10 seconds.